cohdb
Replays
Latest Replays
All Replays
Popular Replays
Top Player Replays
Match Explorer
How It Works
Community
CoH3 Stats
Reddit
Sign in to upload your games and track your stats! →
Sign in with Steam
Match 40927822
Unlisted
Match 40927822
Overview
Messages
Build Orders
End
Scout Squad
Construct Barracks
Riflemen Squad
Riflemen Squad
1⁄4-ton 4x4 Truck
Riflemen Squad
Infantry Support Center
Construct Medical Station
Construct Weapon Support Center
Selects Heavy Weapons
Selects M2HB .50cal Heavy Machine Gun
Selects Assault Carriers
M3 Assault Carrier
Riflemen Squad
Grenade Package
M1918 Browning Automatic Rifles
Construct Motor Pool
M1 Mortar Team
M1 Anti-tank Gun Team
Selects Halftrack Strongpoints
M1 Anti-tank Gun Team
Olg
^3
0
0
Comments
sign in to comment!
No comments posted yet!